 Dungeon Crawl Stone Soup version 0.27.1-34-g3ba077fa99 (webtiles) character file.

Game seed: 1736714415124345837

74 porpoise the Sneak (level 4, 0/35 HPs)
             Began as a Formicid Enchanter on Jan 3, 2022.
             Slain by an adder (2 damage)
             ... on level 2 of the Dungeon.
             The game lasted 00:10:19 (2583 turns).

porpoise the Sneak (Formicid Enchanter)             Turns: 2583, Time: 00:10:20

Health: 0/35       AC:  2    Str: 12 (14) XL:     4   Next: 52%
Magic:  7/7        EV: 11    Int: 12 (14) God:
Gold:   78         SH:  0    Dex:  8 (11) Spells: 1/7 levels left

rFire    . . .     SeeInvis +   a - +1 dagger
rCold    . . .     Faith    .   (no shield)
rNeg     . . .     Spirit   .   b - +0 robe
rPois    .         Reflect  .   (helmet unavailable)
rElec    .         Harm     .   (no cloak)
rCorr    .         Rampage  .   (no gloves)
Will     .....                  (no boots)
Stlth    ++........             (no amulet)
HPRegen  0.11/turn              (no ring)
MPRegen  0.10/turn              (no ring)

@: no status effects
A: permanent stasis, dig shafts and tunnels, antennae 3, four strong arms
a: Dig, Shaft Self


You were on level 2 of the Dungeon.
You visited 1 branch of the dungeon, and saw 2 of its levels.

You collected 78 gold pieces.

Inventory:

Hand Weapons
 a - a +1 dagger (weapon)
Missiles
 c - 24 stones
 f - 21 bolts
Armour
 b - a +0 robe (worn)
Magical Staves
 h - a staff of cold
Scrolls
 d - a scroll of identify {unknown}
 e - 2 scrolls of enchant armour {unknown}
 i - a scroll of amnesia {unknown}


   Skills:
 * Level 3.3 Fighting
 - Level 1.0 Short Blades
 - Level 1.7 Dodging
 + Level 4.7 Stealth
 - Level 2.1 Spellcasting
 - Level 3.6 Hexes


You had one spell level left.
You knew the following spells:

 Your Spells              Type           Power      Damage    Failure   Level
a - Corona                Hex            11%        N/A       6%          1
b - Ensorcelled Hibernat  Hex/Ice        10%        N/A       19%         2
c - Dazzling Flash        Conj/Hex       10%        N/A       36%         3

Your spell library contained the following spells:

 Spells                   Type           Power      Damage    Failure   Level
 Confusing Touch          Hex            10%        N/A       19%         3
 Tukima's Dance           Hex            10%        N/A       19%         3


Dungeon Overview and Level Annotations

Branches:
Dungeon (2/15)

Altars:


Innate Abilities, Weirdness & Mutations

You cannot be hasted, slowed, berserked, paralysed or teleported.
You can dig through walls and to a lower floor.
You have a pair of large antennae on your head. (SInv)
Your four strong arms can wield two-handed weapons with a shield.


Message History

You feel less confused.
You feel sick. The adder bites you.
You are more poisoned.
The adder poisons you!
You miss the adder.
The adder is heavily wounded.
You feel sick. The adder barely misses you.
You barely miss the adder.
The adder is heavily wounded.
You feel sick. The adder bites you. The adder barely misses you.
You hit the adder but do no damage.
The adder is heavily wounded.
You feel sick. The adder closely misses you.
You hit the adder.
The adder is almost dead.
You feel sick. The adder bites you but does no damage.
You barely miss the adder.
The adder is almost dead.
You feel sick. The adder barely misses you.
You closely miss the adder.
The adder is almost dead.
You feel sick. The adder bites you.
* * * LOW HITPOINT WARNING * * *
The adder bites you but does no damage.
You closely miss the adder.
The adder is almost dead.
You feel sick. The adder bites you.
* * * LOW HITPOINT WARNING * * *
You closely miss the adder.
The adder is almost dead.
You feel sick.
You are no longer poisoned.
The adder bites you.
* * * LOW HITPOINT WARNING * * *
You aren't carrying any potions.
Okay, then.
You miss the adder.
The adder is almost dead.
The adder bites you.
You die...

## #........#..
...###..###......
#........#.PP.P.
##.......#.♣♣♣..
#..##P..P...♣♣P.
#..##P.P♣...♣♣P.P #
..###...♣PP..P..#
#####.#####..P♣♣♣....P.#
.......@.....PP.P....#..
.......S.......P........
#...##########..##.....#
..# ######....# # #.<..#
#....# #....# ######


You could see an adder.

Vanquished Creatures
  Jessica (D:2)
  2 adders (D:2)
  3 ball pythons (D:1)
  3 bats
  7 endoplasms
  2 giant cockroaches (D:1)
  3 kobolds (D:1)
  2 frilled lizards (D:1)
  2 goblins (D:1)
  2 rats (D:2)
27 creatures vanquished.

Vanquished Creatures (others)
  A plant (D:1)
  2 withered plants (D:1)
3 creatures vanquished.

Grand Total: 30 creatures vanquished

Notes
Turn   | Place    | Note
-------+----------+-------------------------------------------
     0 | D:1      | porpoise the Formicid Enchanter began the quest for the
                  | Orb.
     0 | D:1      | Reached XP level 1. HP: 13/13 MP: 3/3
   522 | D:1      | Reached skill level 1 in Fighting
   536 | D:1      | Reached XP level 2. HP: 21/21 MP: 3/5
   716 | D:1      | Reached skill level 4 in Stealth
  1418 | D:1      | Reached XP level 3. HP: 27/27 MP: 3/6
  1502 | D:1      | Found a faded altar of an unknown god.
  2054 | D:2      | Noticed Jessica
  2065 | D:2      | Killed Jessica
  2066 | D:2      | Reached XP level 4. HP: 20/35 MP: 0/7
  2470 | D:2      | Learned a level 2 spell: Ensorcelled Hibernation
  2474 | D:2      | Learned a level 3 spell: Dazzling Flash
  2583 | D:2      | Slain by an adder

Illustrated notes

Levels and vault maps discovered:
D:1:      dpeg_arrival_leaves_temple_mockup, layout_rooms,
          shapermc_ecumenical_altar_flowoftime, hangedman_decor_growths
D:2:      layout_rooms, basic_altar, serial_forest,
          infiniplex_forest_straight_5, infiniplex_forest_clump_large,
          infiniplex_forest_lined_2, infiniplex_forest_clump_double,
          infiniplex_forest_straight_5, infiniplex_forest_lined_room_3,
          infiniplex_forest_end_2, infiniplex_forest_lined_3, uniq_robin,
          uniq_jessica

Skill      XL: |  1  2  3 |
---------------+----------+-----
Fighting       | 1 2 3 |  3.3
Stealth        | 4 |  4.7
Short Blades   | |  1.0
Dodging        | |  1.7
Spellcasting   | |  2.1
Hexes          | |  3.6

Action                   |  1- 3 |  4- 6 || total
-------------------------+-------+-------++-------
Melee: Dagger            |   106 |    37 ||   143
 Cast: Corona            |    27 |     6 ||    33
  Use: Potion            |     1 |     3 ||     4
 Stab: Sleeping          |     1 |       ||     1
Armor: Robe              |    19 |     5 ||    24
Dodge: Dodged            |    53 |    27 ||    80
